 Dungeon Crawl Stone Soup version 0.25-a0-447-gff83419037 (webtiles) character file.

Game seed: 13958224243131502693, levelgen mode: deterministic

364 Eurus the Magician (level 6, -1/47 HPs)
             Began as a Mummy Conjurer on Jan 31, 2020.
             Slain by a gnoll
             ... wielding a +1 short sword of electrocution
              (14 damage)
             ... on level 3 of the Dungeon.
             The game lasted 00:06:48 (3013 turns).

Eurus the Magician (Mummy Conjurer)                 Turns: 3013, Time: 00:06:49

Health: -1/47      AC:  3    Str: 12    XL:     6   Next: 39%
Magic:  4/13       EV: 12    Int: 16    God:
Gold:   188        SH:  0    Dex: 12    Spells: 12/15 levels left

rFire    x . .     SeeInvis .   k - +2 quarterstaff (chaos)
rCold    + . .     Gourm    .   (shield currently unavailable)
rNeg     + + +     Faith    .   a - +0 robe
rPois    ∞         Spirit   .   (no helmet)
rElec    .         Reflect  .   l - +0 cloak
rCorr    .         Harm     .   (no gloves)
MR       .....                  (no boots)
Stlth    ++........             (no amulet)
HPRegen  0.15/turn              (no ring)
MPRegen  0.13/turn              (no ring)

@: no status effects
A: no food or potions, fire vulnerability, cold resistance 1, negative energy
resistance 3, torment resistance, unbreathing
a: no special abilities


You were on level 3 of the Dungeon.
You were not hungry.

You visited 1 branch of the dungeon, and saw 3 of its levels.

You collected 188 gold pieces.

Inventory:

Hand Weapons
 b - a +2 dagger of venom
 k - a +2 quarterstaff of chaos (weapon)
Armour
 a - a +0 robe (worn)
 l - a +0 cloak (worn)
Jewellery
 c - an uncursed ring of positive energy {unknown}
 g - an uncursed amulet of the gourmand {unknown}
Wands
 o - a wand of flame (18)
Scrolls
 d - a scroll of identify {unknown}
 e - 2 scrolls of remove curse {unknown}
 f - a scroll of enchant armour {unknown}
 h - a scroll of blinking {unknown}
 i - 3 scrolls of teleportation {unknown}
 j - a scroll of enchant weapon {unknown}
 m - a scroll of fog {unknown}
 n - 3 scrolls of magic mapping {unknown}


   Skills:
 + Level 3.3 Fighting
 + Level 1.1 Staves
 - Level 1.5 Dodging
 - Level 1.5 Stealth
 + Level 5.1 Spellcasting
 + Level 4.4 Conjurations


You had 12 spell levels left.
You knew the following spells:

 Your Spells              Type           Power        Failure   Level  Hunger
a - Magic Dart            Conj           ###.         2%          1    N/A
b - Searing Ray           Conj           ###...       3%          2    N/A

Your spell library contained the following spells:

 Spells                   Type           Power        Failure   Level  Hunger
 Dazzling Flash           Conj/Hex       ##....       19%         3    N/A
 Fulminant Prism          Conj/Hex       ##........   52%         4    N/A
 Iskenderun's Mystic Bla  Conj/Tloc      ##......     52%         4    N/A

Dungeon Overview and Level Annotations

Branches:
Dungeon (3/15)

Altars:
Hepliaklqana
Trog
Xom


Innate Abilities, Weirdness & Mutations

You do not eat or drink.
Your flesh is vulnerable to fire.
You are immune to poison.
Your flesh is cold resistant. (rC+)
You are immune to negative energy. (rN+++)
You are immune to unholy pain and torment.
You can survive without breathing.


Message History

You finish channeling your searing ray.
You barely miss the gnoll.
The gnoll hits you with a +1 short sword of electrocution.
You completely miss the gnoll. The gnoll closely misses you.
You closely miss the gnoll.
The gnoll hits you with a +1 short sword of electrocution.
You are electrocuted!
The gnoll barely misses you.
You hit the gnoll.
The gnoll flickers and vanishes!
Deactivating autopickup; reactivate with Ctrl-A.
Something hits you.
You completely miss something. Something hits you.
* * * LOW HITPOINT WARNING * * *
Casting: Searing Ray (safe; 3% risk of failure)
Confirm with . or Enter, or press ? or * to list all spells.
Aiming: Searing Ray (safe; 3% risk of failure)
Press: ? - help, Shift-Dir - straight line The searing ray hits something! (Press . to maintain the ray.)
Something hits you but does no damage.
You are electrocuted!
You die...

### #♣♣P# ##♣≈≈≈♣# #≈P≈≈P≈♣
#♣≈≈P≈≈♣ ♣..≈..♣ #.....#
#.....## #############
#......# #†@{).......#
##......#######.######.....
...............># ...
####..##........# g ##
#<.#.........# .#
#....^^^.....# .#
#....._^.....#
.###..#.^^^.....#
.##..............#


There were no monsters in sight!

Vanquished Creatures
  A necrophage (D:3)
  An ogre (D:2)
  Crazy Yiuf (D:2)
  2 gnolls (D:3)
  8 adders
  An ooze (D:2)
  2 worms
  2 dart slugs
  A leopard gecko (D:1)
  An orc (D:3)
  5 bats
  11 goblins
  7 hobgoblins
  2 quokkas
  2 frilled lizards
  7 kobolds
  8 rats
62 creatures vanquished.

Notes
Turn   | Place    | Note
-------+----------+-------------------------------------------
     0 | D:1      | Eurus the Mummy Conjurer began the quest for the Orb.
     0 | D:1      | Reached XP level 1. HP: 13/13 MP: 4/4
   295 | D:1      | Reached skill level 3 in Spellcasting
   388 | D:1      | Reached XP level 2. HP: 20/20 MP: 3/6
   392 | D:1      | Learned a level 2 spell: Searing Ray
   652 | D:1      | Reached skill level 1 in Fighting
  1090 | D:2      | Found a bloodstained altar of Trog.
  1100 | D:2      | Reached XP level 3. HP: 20/26 MP: 4/7
  1393 | D:2      | Found a hazy altar of Hepliaklqana.
  1521 | D:2      | Reached XP level 4. HP: 33/33 MP: 9/9
  1686 | D:2      | Noticed an ogre
  1694 | D:2      | Killed an ogre
  1694 | D:2      | Reached skill level 4 in Spellcasting
  1694 | D:2      | Reached XP level 5. HP: 39/39 MP: 9/11
  1962 | D:2      | Found a runed translucent door.
  1963 | D:2      | Noticed Crazy Yiuf
  1975 | D:2      | Killed Crazy Yiuf
  2255 | D:3      | Found a shimmering altar of Xom.
  2596 | D:3      | Noticed a necrophage
  2618 | D:3      | Killed a necrophage
  2618 | D:3      | Reached skill level 5 in Spellcasting
  2618 | D:3      | Reached XP level 6. HP: 47/47 MP: 8/13
  2734 | D:3      | Reached skill level 1 in Staves
  3013 | D:3      | Slain by a gnoll

Levels and vault maps discovered:
D:1:      eino_arrival_cavern_a, layout_basic
D:2:      layout_loops_ring, lemuel_doored_altar, lemuel_crystal_altar,
          uniq_crazy_yiuf_cottage
D:3:      layout_basic, first_ration, serial_bayou, serial_bayou_pond_c,
          serial_bayou_lake_a, serial_bayou_pond_e, serial_bayou_shore_b,
          xom_teletrap_fun

Skill      XL: |  1  2  3  4  5  6 |
---------------+-------------------+-----
Spellcasting   | 3 4 5 |  5.1
Fighting       | 1 2 3 |  3.3
Conjurations   | 4 |  4.4
Staves         | 1 |  1.1
Dodging        | |  1.5
Stealth        | |  1.5

Action                   |  1- 3 |  4- 6 || total
-------------------------+-------+-------++-------
Melee: Dagger            |    32 |    34 ||    66
       Unarmed           |     1 |       ||     1
       Quarterstaff      |       |    11 ||    11
 Cast: Magic Dart        |    42 |    38 ||    80
       Searing Ray       |     1 |     7 ||     8
 Stab: Sleeping          |       |     2 ||     2
Armor: Robe              |     2 |     1 ||     3
Dodge: Dodged            |    25 |    20 ||    45

Table legend:
 A = Non-vault XP
 B = Vault XP
 C = Vault XP percentage of total XP
 D = Non-vault monster count
 E = Vault monster count
 F = Vault count percentage of total count
                 A         B        C        D         E       F
            +---------+---------+-------+---------+---------+-------
      Total |     481 |      40 |   7.7 |      61 |       1 |   1.6
            +---------+---------+-------+---------+---------+-------
        D:1 |      20 |       0 |   0.0 |      13 |       0 |   0.0
        D:2 |     219 |      40 |  15.4 |      25 |       1 |   3.8
        D:3 |     242 |       0 |   0.0 |      23 |       0 |   0.0
            +---------+---------+-------+---------+---------+-------
